SA
HOGSMEADE CAULDRONS @ SYRACUSE STORM
09/06/2030
 
TOP OF THE 1ST
Hogsmeade Cauldrons batting - Pitching for Syracuse Storm : LHP Onson Sweemey
Pitching: LHP Onson Sweemey
Batting: RHB Panas Pletnev 0-0: Ball
1-0: Swinging Strike
1-1: Foul Ball, location: 2F
1-2: Ball
2-2: Foul Ball, location: 2F
2-2: Ball
3-2: Foul Ball, location: 2F
3-2: Ground out 5-3 (Groundball, 56)
Batting: RHB Akke Derksen 0-0: Fly out, F9 (Flyball, 9LD)
Batting: RHB Mariano Saelices 0-0: Called Strike
0-1: Ground out U3 (Groundball, 3)
Top of the 1st over - 0 runs, 0 hits, 0 errors, 0 left on base; Hogsmeade 0 - Syracuse 0
BOTTOM OF THE 1ST
Syracuse Storm batting - Pitching for Hogsmeade Cauldrons : RHP Carlos Salcido
Pitching: RHP Carlos Salcido
Batting: RHB Tsuginori Kobayashi 0-0: Ball
1-0: Ball
2-0: Ball
3-0: Called Strike
3-1: Swinging Strike
3-2: Strikes out swinging
Batting: RHB Juan Perales 0-0: Called Strike
0-1: Ground out 3-1 (Groundball, 23)
Batting: RHB Vince Staples 0-0: Ball
1-0: Ball
2-0: Ball
3-0: Base on Balls
Batting: LHB Salvador Ramírez 0-0: Called Strike
0-1: Fly out, F9 (Flyball, 9S)
Bottom of the 1st over - 0 runs, 0 hits, 0 errors, 1 left on base; Hogsmeade 0 - Syracuse 0
TOP OF THE 2ND
Hogsmeade Cauldrons batting - Pitching for Syracuse Storm : LHP Onson Sweemey
Batting: LHB Jesús Lazcano 0-0: Fly out, F8 (Flyball, 8RXD)
Batting: RHB Nelson Rivera 0-0: Ball
1-0: Ball
2-0: Swinging Strike
2-1: Ball
3-1: Base on Balls
Batting: LHB Pedro Reyes 0-0: Called Strike
0-1: Ball
1-1: SINGLE (Groundball, 34D)
Nelson Rivera to second
Runner from 2nd tries for 3rd, SAFE, throw made to third
Batting: RHB Diederick Tuiters 0-0: Called Strike
0-1: Ball
1-1: Foul Ball, location: 2F
1-2: Foul Ball, location: 2F
1-2: TRIPLE (Flyball, 8RXD)
Nelson Rivera scores
Pedro Reyes scores
Batting: RHB Conor Gallon 0-0: Called Strike
0-1: Ball
1-1: Ball
2-1: Foul Ball, location: 2F
2-2: Ball
3-2: Foul Ball, location: 2F
3-2: Strikes out looking
Batting: LHB Hyeok Kim 0-0: Called Strike
0-1: Ground out U3 (Groundball, 34)
Top of the 2nd over - 2 runs, 2 hits, 0 errors, 1 left on base; Hogsmeade 2 - Syracuse 0
BOTTOM OF THE 2ND
Syracuse Storm batting - Pitching for Hogsmeade Cauldrons : RHP Carlos Salcido
Batting: LHB William Duffy 0-0: Ball
1-0: Ball
2-0: Fly out, F7 (Flyball, 7S)
Batting: LHB António Escobeda 0-0: Ball
1-0: Foul Ball, location: 2F
1-1: Swinging Strike
1-2: Strikes out swinging
Batting: LHB Hirohisa Wada 0-0: Ball
1-0: Called Strike
1-1: Swinging Strike
1-2: Strikes out looking
Bottom of the 2nd over - 0 runs, 0 hits, 0 errors, 0 left on base; Hogsmeade 2 - Syracuse 0
TOP OF THE 3RD
Hogsmeade Cauldrons batting - Pitching for Syracuse Storm : LHP Onson Sweemey
Batting: RHB Panas Pletnev 0-0: Called Strike
0-1: Foul Ball, location: 2F
0-2: Ball
1-2: Strikes out swinging
Batting: RHB Akke Derksen 0-0: Ball
1-0: Fly out, F9 (Flyball, 89D)
Batting: RHB Mariano Saelices 0-0: Called Strike
0-1: Ground out 5-3 (Groundball, 56)
Top of the 3rd over - 0 runs, 0 hits, 0 errors, 0 left on base; Hogsmeade 2 - Syracuse 0
BOTTOM OF THE 3RD
Syracuse Storm batting - Pitching for Hogsmeade Cauldrons : RHP Carlos Salcido
Batting: SHB Franck Kooijmans 0-0: Ball
1-0: Ball
2-0: Called Strike
2-1: Called Strike
2-2: Foul Ball, location: 2F
2-2: Foul Ball, location: 2F
2-2: Strikes out swinging
Batting: RHB Nelson Morán 0-0: Ball
1-0: Called Strike
1-1: Swinging Strike
1-2: Ball
2-2: Foul Ball, location: 2F
2-2: Ball
3-2: Strikes out looking
Batting: RHB Tsuginori Kobayashi 0-0: Ball
1-0: Fly out, F7 (Flyball, 7LS)
Bottom of the 3rd over - 0 runs, 0 hits, 0 errors, 0 left on base; Hogsmeade 2 - Syracuse 0
TOP OF THE 4TH
Hogsmeade Cauldrons batting - Pitching for Syracuse Storm : LHP Onson Sweemey
Batting: LHB Jesús Lazcano 0-0: Foul Ball, location: 2F
0-1: Ball
1-1: Hit by Pitch
Batting: RHB Nelson Rivera 0-0: Ball
1-0: Ball
2-0: Ball
3-0: Called Strike
3-1: Foul Ball, location: 2F
3-2: Foul Ball, location: 2F
3-2: Grounds into double play, 5-4-3 (Groundball, 56)
Batting: LHB Pedro Reyes 0-0: Foul Ball, location: 2F
0-1: Called Strike
0-2: Ball
1-2: Foul Ball, location: 2F
1-2: Foul Ball, location: 2F
1-2: Strikes out swinging, 2-3 out at first.
Top of the 4th over - 0 runs, 0 hits, 0 errors, 0 left on base; Hogsmeade 2 - Syracuse 0
BOTTOM OF THE 4TH
Syracuse Storm batting - Pitching for Hogsmeade Cauldrons : RHP Carlos Salcido
Batting: RHB Juan Perales 0-0: Ball
1-0: Ground out 1-3 (Groundball, 13)
Batting: RHB Vince Staples 0-0: Swinging Strike
0-1: Foul Ball, location: 2F
0-2: Ball
1-2: Strikes out swinging
Batting: LHB Salvador Ramírez 0-0: Foul Ball, location: 2F
0-1: Called Strike
0-2: Ball
1-2: Fly out, F6 (Popup, 6)
Bottom of the 4th over - 0 runs, 0 hits, 0 errors, 0 left on base; Hogsmeade 2 - Syracuse 0
TOP OF THE 5TH
Hogsmeade Cauldrons batting - Pitching for Syracuse Storm : LHP Onson Sweemey
Batting: RHB Diederick Tuiters 0-0: Called Strike
0-1: Swinging Strike
0-2: Hit by Pitch
Batting: RHB Conor Gallon 0-0: Sac Bunt - play at first, batter OUT! 5-3
Diederick Tuiters to second
Batting: LHB Hyeok Kim 0-0: Ball
1-0: Foul Ball, location: 2F
1-1: Ball
2-1: Foul Ball, location: 2F
2-2: Fly out, F5 (Popup, 25F)
Batting: RHB Panas Pletnev 0-0: Ball
1-0: Ball
2-0: Foul Ball, location: 2F
2-1: Foul Ball, location: 2F
2-2: DOUBLE (Line Drive, 7LD)
Diederick Tuiters scores
Batting: RHB Akke Derksen 0-0: Called Strike
0-1: Ball
1-1: Ball
2-1: DOUBLE (Line Drive, 89D)
Panas Pletnev scores
Batting: RHB Mariano Saelices 0-0: Fly out, F7 (Flyball, 78D)
Top of the 5th over - 2 runs, 2 hits, 0 errors, 1 left on base; Hogsmeade 4 - Syracuse 0
BOTTOM OF THE 5TH
Syracuse Storm batting - Pitching for Hogsmeade Cauldrons : RHP Carlos Salcido
Batting: LHB William Duffy 0-0: SINGLE (Line Drive, 8LS)
Batting: LHB António Escobeda 0-0: Ball
1-0: Swinging Strike
1-1: Foul Ball, location: 2F
1-2: Ball
2-2: Strikes out swinging
Batting: LHB Hirohisa Wada 0-0: Ball
1-0: Swinging Strike
1-1: Ball
2-1: Fly out, F4 (Line Drive, 4)
Batting: SHB Franck Kooijmans 0-0: Ball
1-0: Fly out, F8 (Flyball, 8LS)
Bottom of the 5th over - 0 runs, 1 hit, 0 errors, 1 left on base; Hogsmeade 4 - Syracuse 0
TOP OF THE 6TH
Hogsmeade Cauldrons batting - Pitching for Syracuse Storm : LHP Onson Sweemey
Batting: LHB Jesús Lazcano 0-0: Foul Ball, location: 2F
0-1: Called Strike
0-2: Ball
1-2: SINGLE (Flyball, 9S)
Batting: RHB Nelson Rivera 0-0: Ball
1-0: TRIPLE (Flyball, 8RXD)
Jesús Lazcano scores
Pitching: RHP Peter Glenn
Batting: LHB Pedro Reyes 0-0: Ball
1-0: Ball
2-0: Called Strike
2-1: Swinging Strike
2-2: Strikes out swinging
Batting: RHB Diederick Tuiters 0-0: Called Strike
0-1: Ball
1-1: Called Strike
1-2: Ball
2-2: Strikes out swinging
Batting: RHB Conor Gallon 0-0: Called Strike
0-1: Ball
1-1: Called Strike
1-2: Fly out, F9 (Flyball, 9S)
Top of the 6th over - 1 run, 2 hits, 0 errors, 1 left on base; Hogsmeade 5 - Syracuse 0
BOTTOM OF THE 6TH
Syracuse Storm batting - Pitching for Hogsmeade Cauldrons : RHP Carlos Salcido
Batting: RHB Nelson Morán 0-0: Reached on error, E5 (Groundball, 56S)
Batting: RHB Tsuginori Kobayashi 0-0: Foul Ball, location: 2F
0-1: Foul Ball, location: 2F
0-2: TRIPLE (Flyball, 8LXD)
Nelson Morán scores
Batting: RHB Juan Perales 0-0: Foul Ball, location: 2F
0-1: Called Strike
0-2: Strikes out swinging
Batting: RHB Vince Staples 0-0: Called Strike
0-1: Ball
1-1: Foul Ball, location: 2F
1-2: Strikes out looking
Batting: LHB Salvador Ramírez 0-0: Called Strike
0-1: Ball
1-1: Foul Ball, location: 2F
1-2: Ball
2-2: Foul Ball, location: 2F
2-2: Foul Ball, location: 2F
2-2: Strikes out swinging
Bottom of the 6th over - 1 run, 1 hit, 1 error, 1 left on base; Hogsmeade 5 - Syracuse 1
TOP OF THE 7TH
Hogsmeade Cauldrons batting - Pitching for Syracuse Storm : RHP Peter Glenn
Batting: LHB Hyeok Kim 0-0: Ball
1-0: Swinging Strike
1-1: Ball
2-1: Foul Ball, location: 2F
2-2: Ball
3-2: Strikes out looking
Batting: RHB Panas Pletnev 0-0: Ground out 6-3 (Groundball, 6)
Batting: RHB Akke Derksen 0-0: Ball
1-0: Swinging Strike
1-1: Swinging Strike
1-2: Strikes out swinging
Top of the 7th over - 0 runs, 0 hits, 0 errors, 0 left on base; Hogsmeade 5 - Syracuse 1
BOTTOM OF THE 7TH
Syracuse Storm batting - Pitching for Hogsmeade Cauldrons : RHP Carlos Salcido
Batting: LHB William Duffy 0-0: Foul Ball, location: 2F
0-1: Ball
1-1: Ball
2-1: Fly out, F7 (Flyball, 78M)
Batting: LHB António Escobeda 0-0: Ball
1-0: Ball
2-0: Ground out 4-3 (Groundball, 4)
Batting: LHB Hirohisa Wada 0-0: Called Strike
0-1: SINGLE (Groundball, 4D)
Pitching: RHP Carlos Villegas
Batting: SHB Franck Kooijmans 0-0: Called Strike
0-1: Ball
1-1: Ball
2-1: Foul Ball, location: 2F
2-2: Fly out, F8 (Flyball, 8LM)
Bottom of the 7th over - 0 runs, 1 hit, 0 errors, 1 left on base; Hogsmeade 5 - Syracuse 1
TOP OF THE 8TH
Hogsmeade Cauldrons batting - Pitching for Syracuse Storm : RHP Peter Glenn
Batting: RHB Mariano Saelices 0-0: Ball
1-0: Ground out 5-3 (Groundball, 5)
Batting: LHB Jesús Lazcano 0-0: Ball
1-0: Ball
2-0: Foul Ball, location: 2F
2-1: Swinging Strike
2-2: Strikes out swinging
Batting: RHB Nelson Rivera 0-0: Ball
1-0: Ball
2-0: Called Strike
2-1: Foul Ball, location: 2F
2-2: Foul Ball, location: 2F
2-2: Ball
3-2: Strikes out swinging
Top of the 8th over - 0 runs, 0 hits, 0 errors, 0 left on base; Hogsmeade 5 - Syracuse 1
BOTTOM OF THE 8TH
Syracuse Storm batting - Pitching for Hogsmeade Cauldrons : RHP Carlos Villegas
Batting: RHB Nelson Morán 0-0: Called Strike
0-1: Ball
1-1: Foul Ball, location: 2F
1-2: Foul Ball, location: 2F
1-2: Ball
2-2: Strikes out swinging
Batting: RHB Tsuginori Kobayashi 0-0: Swinging Strike
0-1: Foul Ball, location: 2F
0-2: Fly out, F7 (Flyball, 78D)
Batting: RHB Juan Perales 0-0: Ball
1-0: Ground out 5-3 (Groundball, 5)
Bottom of the 8th over - 0 runs, 0 hits, 0 errors, 0 left on base; Hogsmeade 5 - Syracuse 1
TOP OF THE 9TH
Hogsmeade Cauldrons batting - Pitching for Syracuse Storm : RHP Peter Glenn
Batting: LHB Pedro Reyes 0-0: Called Strike
0-1: Ball
1-1: Foul Ball, location: 2F
1-2: Ball
2-2: Ball
3-2: Strikes out looking
Batting: RHB Diederick Tuiters 0-0: Called Strike
0-1: Fly out, F9 (Flyball, 89S)
Batting: RHB Conor Gallon 0-0: Ball
1-0: Fly out, F9 (Flyball, 89M)
Top of the 9th over - 0 runs, 0 hits, 0 errors, 0 left on base; Hogsmeade 5 - Syracuse 1
BOTTOM OF THE 9TH
Syracuse Storm batting - Pitching for Hogsmeade Cauldrons : RHP Carlos Villegas
Pitching: RHP Jung-min Ch'oe
Batting: RHB Vince Staples 0-0: Fly out, F5 (Popup, 5SF)
Batting: LHB Salvador Ramírez 0-0: Foul Ball, location: 2F
0-1: Ball
1-1: Called Strike
1-2: Strikes out swinging
Batting: LHB William Duffy 0-0: Ball
1-0: Swinging Strike
1-1: Foul Ball, location: 2F
1-2: Ball
2-2: Foul Ball, location: 2F
2-2: Strikes out swinging
Bottom of the 9th over - 0 runs, 0 hits, 0 errors, 0 left on base; Hogsmeade 5 - Syracuse 1
Sunday, March 18th, 2018 - OOTP Baseball 18.8 Build 76